 Dungeon Crawl Stone Soup version 0.30-a0-696-g2367cd04db (webtiles) character file.

Game seed: 14073716965642370286

1 wormed the Caller (level 1, -2/13 HPs)
             Began as a Demonspawn Summoner on Jan 20, 2023.
             Slain by a quokka (3 damage)
             ... on level 1 of the Dungeon.
             The game lasted 00:00:19 (85 turns).

wormed the Caller (Demonspawn Summoner)               Turns: 85, Time: 00:00:20

Health: -2/13      AC:  2    Str:  8    XL:     1   Next: 16%
Magic:  1/3        EV: 12    Int: 16    God:
Gold:   0          SH:  0    Dex: 13    Spells: 3/4 levels left

rFire   . . .      SeeInvis .    (no weapon)
rCold   . . .      Faith    .    (no shield)
rNeg    . . .      Spirit   .    a - +0 robe
rPois   .          Reflect  .    (no helmet)
rElec   .          Harm     .    (no cloak)
rCorr   .          Rampage  .    (no gloves)
Will    .....                    (no boots)
Stlth   ++                       (no amulet)
HPRegen 0.22/turn                (no ring)
MPRegen 0.08/turn                (no ring)

@: no status effects
A: no striking features
a: no special abilities


You were on level 1 of the Dungeon.
You visited 1 branch of the dungeon, and saw 1 of its levels.

Inventory:

Armour
 a - a +0 robe (worn)
Potions
 b - a potion of magic


   Skills:
 - Level 1.7 Dodging
 - Level 1.7 Stealth
 + Level 2.0 Spellcasting
 + Level 0.1 Hexes
 + Level 4.0 Summonings


You had 3 spell levels left.
You knew the following spells:

 Your Spells              Type           Power      Damage    Failure   Level
a - Summon Small Mammal   Summ           56%        N/A       4%          1

Your spell library contained the following spells:

 Spells                   Type           Power      Damage    Failure   Level
 Call Imp                 Summ           14%        N/A       6%          2
 Call Canine Familiar     Summ           14%        N/A       12%         3
 Summon Guardian Golem    Hex/Summ       8%         N/A       26%         3
 Summon Lightning Spire   Summ/Air       8%         N/A       65%         4


Dungeon Overview and Level Annotations

Branches:
Dungeon (1/15)

Altars:


Message History

You miscast Summon Small Mammal.
You are very lightly contaminated with residual magic.
Nothing appears to happen.
Your rat closely misses the quokka.
You miss the quokka. The quokka misses you. The quokka bites you.
Your rat closely misses the quokka.
You hit the quokka but do no damage. The quokka bites you.
Your rat barely misses the quokka.
Casting: Summon Small Mammal (safe; 4% risk of failure)
Confirm with . or Enter, or press ? or * to list all spells.
The quokka bites you.
Your rat bites the quokka but does no damage.
You barely miss the quokka.
Your bat closely misses the quokka.
Your bat barely misses the quokka.
The quokka barely misses you.
Your rat barely misses the quokka.
You barely miss the quokka. Your bat misses the quokka. The quokka bites you.
Your rat bites the quokka.
Your bat closely misses the quokka.
You closely miss the quokka.
The quokka is moderately wounded.
Your bat hits the quokka but does no damage.
The quokka closely misses you. The quokka bites you.
Your rat closely misses the quokka.
Your magical contamination has completely faded away.
The quokka attacks as you move away! The quokka bites you.
* * * LOW HITPOINT WARNING * * *
Your bat hits the quokka but does no damage.
Your bat barely misses the quokka.
Your rat barely misses the quokka.
Casting: Summon Small Mammal (safe; 4% risk of failure)
Confirm with . or Enter, or press ? or * to list all spells.
You don't have enough magic to cast this spell.
The quokka attacks as you move away! The quokka bites you.
* * * LOW HITPOINT WARNING * * *
Your bat hits the quokka but does no damage.
Your bat closely misses the quokka.
The quokka attacks as you move away! The quokka barely misses you.
As you read the scroll labelled JYKUAMM TAFAEVO, it crumbles to dust.
It is a scroll of identify.
You don't currently have any unidentified items.
The quokka bites you but does no damage.
The quokka bites you.
You die...

#.# # .. #
#.###.###.# #
#.........# # #.#
#..# # #.#.#
##.#.....# ######
#.#.# #rb# ....#
##...# #.#.###r##
....
##...######.#.##@.#
..#
..........#.#.#.)##
.#
##...####.#.#...###
# ##...#
#.#.#.....# ######
#.#...#...# ##
#.....#...# .######
#..##.....+ .......
#.#####...#
######....# #...#


You could see a quokka (ally target), a friendly bat (summoned) and a friendly
rat (summoned).

Vanquished Creatures (collateral kills)
  A hobgoblin (D:1)
1 creature vanquished.

Notes
Turn   | Place    | Note
-------+----------+-------------------------------------------
     0 | D:1      | wormed the Demonspawn Summoner began the quest for the Orb.
     0 | D:1      | Reached XP level 1. HP: 13/13 MP: 3/3
    85 | D:1      | Slain by a quokka

Illustrated notes

Levels and vault maps discovered:
D:1:      dpeg_arrival_fog, layout_basic, ebering_ecumenical_altar_box

Action                   || total
-------------------------++-------
Melee: Unarmed           ||     5
 Cast: Summon Small Mamm ||     4
  Use: Scroll            ||     1
Armor: Robe              ||     1
Dodge: Dodged            ||     4

Table legend: (Time is in decaauts)
 A = Elapsed time spent in this place.
 B = Non-inter-level travel time spent in this place.
 C = Inter-level travel time spent in this place.
 D = Time resting spent in this place.
 E = Time spent auto-exploring this place.
 F = Levels seen in this place.
 G = Mean time per level.
                   A        B        C        D        E       F      G
               +--------+--------+--------+--------+--------+-----+--------+
         Total |     85 |     85 |      0 |      0 |     53 |   1 |   85.0 |
       Dungeon |     85 |     85 |      0 |      0 |     53 |   1 |   85.0 |
               +--------+--------+--------+--------+--------+-----+--------+

Top non-repeatable levels by time:
     D:1: 85 daAuts
